 Dungeon Crawl Stone Soup version 0.20.0-14-g326068f (webtiles) character file.

53 sagitran the Sneak (level 3, -12/14 HPs)
             Began as a Felid Venom Mage on June 8, 2017.
             Killed from afar by a worm (26 damage)
             ... with an exploding inner flame
             ... hexed by the player character
             ... on level 2 of the Dungeon.
             The game lasted 00:30:38 (1269 turns).

sagitran the Sneak (Felid Venom Mage)               Turns: 1269, Time: 00:30:39

Health: -12/14     AC:  1    Str:  4    XL:     3   Next: 62%
Magic:  2/7        EV: 18    Int: 17    God:
Gold:   77         SH:  3    Dex: 16    Spells: 0/6 levels left
                                        Lives:  0   Deaths: 1

rFire    . . .     SeeInvis +     - Unarmed
rCold    + . .     Gourm    .   (shield unavailable)
rNeg     . . .     Faith    .   (armour unavailable)
rPois    .         Spirit   .   (helmet unavailable)
rElec    .         Reflect  +   (cloak unavailable)
rCorr    .         Harm     .   (gloves unavailable)
MR       .....                  (boots unavailable)
Stlth    +++.......             c - +3 amulet of reflection
Regen    0.1/turn               e - ring of protection from cold
MPRegen  0.1/turn               (no ring)

@: quick
A: no armour, no weapons or thrown items, stealth, claws 1, fangs 3, see
invisible, carnivore 3, speed 1, shaggy fur 1, slow metabolism 1, sharp paws
a: no special abilities


You were on level 2 of the Dungeon.
You were not hungry.

You visited 1 branch of the dungeon, and saw 2 of its levels.

You collected 77 gold pieces.

Inventory:

Jewellery
 c - a +3 amulet of reflection (around neck)
 e - a ring of protection from cold (left paw)
Wands
 k - a wand of random effects (27/48)
Scrolls
 i - a scroll of identify {unknown}
 j - a scroll of random uselessness {unknown}
 l - a scroll of remove curse {unknown}
Potions
 d - a potion of lignification {unknown}
 g - 2 potions of curing
 h - a potion of haste {unknown}
Books
 a - a Young Poisoner's Handbook

   Spells                             Type                      Level
   a - Sting                          Conjuration/Poison           1
   b - Poisonous Vapours              Poison/Air                   2
   c - Mephitic Cloud                 Conjuration/Poison/Air       3
   d - Olgreb's Toxic Radiance        Poison                       4
   e - Venom Bolt                     Conjuration/Poison           5
Comestibles
 b - a meat ration
 f - 3 chunks of flesh


   Skills:
 + Level 2.9 Dodging
 + Level 4.1 Stealth
 + Level 1.6 Unarmed Combat
 + Level 2.4 Spellcasting
 + Level 1.0 Conjurations
 + Level 0.8 Air Magic
 + Level 3.3 Poison Magic


You couldn't memorise any spells.
You knew the following spells:

 Your Spells              Type           Power        Failure   Level  Hunger
a - Sting                 Conj/Pois      #...         8%          1    #......
b - Poisonous Vapours     Pois/Air       #.....       12%         2    ##.....
c - Mephitic Cloud        Conj/Pois/Air  #.......     26%         3    ###....


Dungeon Overview and Level Annotations

Branches:
Dungeon (2/15)

Altars:
Ashenzari
Gozag


Innate Abilities, Weirdness & Mutations

You cannot wear armour.
You are incapable of wielding weapons or throwing items.
Your paws allow you to move quietly. (Stealth)
You have sharp claws.
You have razor-sharp teeth.
You have supernaturally acute eyesight. (SInv)
You are carnivorous and can eat meat at any time.
You cover ground quickly.
You are covered in fur. (AC +1)
You have a slow metabolism.
Your sharp claws are effective at attacking unaware monsters.


Message History

Really walk into that cloud of noxious fumes? [Y]es or [N]o only, please.
Really walk into that cloud of noxious fumes? [Y]es or [N]o only, please.
Really walk into that cloud of noxious fumes?
Okay, then.
A goblin comes into view. It is wielding a dagger.
A hobgoblin comes into view. It is wielding a club.
A worm comes into view.
The hobgoblin shouts!
You scratch the worm but do no damage.
The worm is heavily wounded.
You block the worm's attack.
A quokka comes into view.
You catch the helpless worm completely off-guard!
You claw the worm!
The worm explodes!
The fiery explosion engulfs you!
Ouch! That really hurt!
You die...

######### ### #.......#
..# #.......# #.#
#.......# #.# #(......#
#># #.......# #.#
#.......#####
#'###########............
......)....##..§@§....w..
...........##..§§§.g.....
...........#+..§§....g...
.........).##...>...##r..
...........''.......# .
...........##.......#
########'#######.#### #.#
#.# ..# ..#


You could see a worm, a quokka (wandering), a hobgoblin and a goblin.

Vanquished Creatures
  Jessica (D:2)
  2 adders (D:2)
  4 dart slugs
  A leopard gecko (D:2)
  A ball python (D:2)
  2 giant cockroaches
  7 goblins (D:1)
  A hobgoblin (D:1)
  8 jackals
  A quokka (D:2)
  4 bats
  3 kobolds
  11 rats
46 creatures vanquished.

Notes
Turn   | Place    | Note
-------+----------+-------------------------------------------
     0 | D:1      | sagitran the Felid Venom Mage began the quest for the Orb.
     0 | D:1      | Reached XP level 1. HP: 7/7 MP: 4/4
    13 | D:1      | Reached skill level 1 in Conjurations
    81 | D:1      | Reached skill level 3 in Stealth
    81 | D:1      | Reached XP level 2. HP: 9/11 MP: 6/6
   222 | D:1      | Learned a level 2 spell: Poisonous Vapours
   411 | D:1      | Reached XP level 3. HP: 3/14 MP: 2/7
   832 | D:2      | Found a shattered altar of Ashenzari.
   843 | D:2      | Noticed Jessica
   865 | D:2      | Killed Jessica
   865 | D:2      | Reached skill level 1 in Unarmed Combat
   896 | D:2      | Found an opulent altar of Gozag.
   910 | D:2      | Reached skill level 4 in Stealth
   910 | D:2      | Reached XP level 4. HP: 6/18 MP: 3/8
  1107 | D:2      | Slain by a worm
  1108 | D:2      | Reached XP level 3. HP: -1/14 MP: 0/7
  1115 | D:2      | Learned a level 3 spell: Mephitic Cloud
  1269 | D:2      | Killed from afar by a worm

Skill      XL: |  1  2  3 |
---------------+----------+-----
Conjurations   | 1 |  1.0
Poison Magic   | 3 |  3.3
Stealth        | 3 4 |  4.1
Unarmed Combat | 1 |  1.6
Dodging        | |  2.9
Spellcasting   | |  2.4
Air Magic      | |  0.8

Action                   |  1- 3 |  4- 6 || total
-------------------------+-------+-------++-------
Melee: Unarmed           |    74 |    12 ||    86
       Bite              |     6 |     1 ||     7
 Cast: Sting             |     2 |     1 ||     3
       Poisonous Vapours |    11 |     9 ||    20
       Mephitic Cloud    |     2 |       ||     2
  Use: Potion            |     2 |       ||     2
       Scroll            |     1 |       ||     1
 Stab: Sleeping          |    13 |     1 ||    14
       Confused          |     1 |       ||     1
  Eat: Chunk             |     4 |     3 ||     7
       Royal jelly       |       |     1 ||     1
Armor: Skin              |     2 |     2 ||     4
Dodge: Dodged            |    42 |    10 ||    52
Block: Other             |     5 |     2 ||     7
